 Dungeon Crawl Stone Soup version 0.31-a0-1540-g5a0b83f448 (webtiles) character file.

Game seed: 13428391690455491577

161 wildpjah the Slasher (level 5, -3/41 HPs)
             Began as a Demonspawn Gladiator on Jan 2, 2024.
             Slain by Grinder (8 damage)
             ... on level 3 of the Dungeon.
             The game lasted 00:06:03 (2217 turns).

wildpjah the Slasher (Demonspawn Gladiator)         Turns: 2217, Time: 00:06:05

Health: -3/41      AC: 11    Str: 11 (14) XL:     5   Next: 18%
Magic:  5/5        EV:  2    Int:  6 (9)  God:
Gold:   120        SH:  5    Dex: 13 (16) Spells: 4/4 levels left

rFire   . . .        a - +0 long sword
rCold   . . .        (no shield)
rNeg    . . .        c - +1 plate armour
rPois   .            (helmet restricted)
rElec   .            (no cloak)
rCorr   .            (no gloves)
SInv    .            (no boots)
Will    .....        n - amulet of reflection Stlth
                     (no ring)
HPRegen 0.26/turn    (no ring)
MPRegen 0.09/turn

%: reflection
@: no status effects
A: antennae 1, foul stench 1
a: no special abilities


You were on level 3 of the Dungeon.
You visited 1 branch of the dungeon, and saw 3 of its levels.

You collected 120 gold pieces.

Inventory:

Hand Weapons
 a - a +0 long sword (weapon)
 i - a +3 dagger
Missiles
 o - 2 boomerangs
 s - 5 poisoned darts
Armour
 b - a +0 leather armour
 c - a +1 plate armour (worn)
 q - a +1 animal skin
Jewellery
 n - an amulet of reflection (around neck)
Wands
 p - a wand of polymorph (8)
Scrolls
 f - a scroll of torment
 j - a scroll of enchant armour
 r - a scroll of noise
Potions
 m - a potion of curing


   Skills:
 + Level 3.0 Fighting
 + Level 3.4 Long Blades
 + Level 1.9 Throwing
 + Level 1.3 Armour
 + Level 3.4 Dodging
 + Level 0.1 Stealth
 + Level 1.5 Shields


You had 4 spell levels left.
You didn't know any spells.
Your spell library contained the following spells:

 Spells                   Type           Power      Damage    Failure   Level
 Sandblast                Erth           0%         2d4       100%        1
 Passwall                 Erth           0%         N/A       100%        3
 Stone Arrow              Conj/Erth      0%         3d7       100%        3
 Brom's Barrelling Bould  Conj/Erth      0%         2d3       100%        4


Dungeon Overview and Level Annotations

Branches:
Dungeon (3/15)

Altars:

Shops:
D:1 ?   D:2 [

Annotations:
D:3 Grinder


Innate Abilities, Weirdness & Mutations

You have a pair of small antennae on your head.
You may rarely emit foul miasma when damaged in melee.


Message History

You cannot move.
Unknown command.
You hit Grinder but do no damage.
Grinder is severely wounded.
The quokka bites you but does no damage.
You block Grinder's attack.
The quokka bites you but does no damage.
Unknown command.
You hit Grinder but do no damage.
Grinder is severely wounded.
Grinder gestures at you.
You shrug off the repeated paralysis!
The quokka bites you but does no damage.
Unknown command.
You closely miss Grinder.
Grinder is severely wounded.
You block the quokka's attack. Grinder hits you but does no damage.
The quokka bites you but does no damage.
Unknown command.
You barely miss Grinder.
Grinder is severely wounded.
Grinder hits you but does no damage.
The quokka bites you but does no damage.
Grinder hits you but does no damage.
Unknown command.
You hit Grinder.
Grinder is almost dead.
You block the quokka's attack. Grinder hits you but does no damage.
The quokka bites you but does no damage.
Unknown command.
Unknown command.
Unknown command.
You closely miss Grinder.
Grinder is almost dead.
You feel less wooden.
Your +1 plate armour unmelds from your body.
The quokka bites you but does no damage.
Grinder hits you!
You die...
Grinder says, "Now the real fun starts!"

. . #..###<......#
#.#.#.......######
###.#$#..###..#####
.......$....(...>...
#.#.#.§#.#..###.###
.##...§§§.§.......
......§§§§§.....$..
.....§§§5§..(......
......#@§§.#..###..
..... #r§§§#.(# ..
.... .§§§...... ...
.#.......### ..
..........# . ..
......... !..
......### .#.
.......#


You could see Grinder and a quokka.

Vanquished Creatures
  Robin (D:2)
  4 gnolls (D:2)
  4 adders (D:2)
  A dart slug (D:1)
  2 ribbon worms (D:2)
  3 ball pythons
  6 bats
  3 endoplasms (D:1)
  A giant cockroach (D:1)
  14 goblins
  8 hobgoblins (D:1)
  4 jackals (D:1)
  4 quokkas
  2 frilled lizards (D:1)
  3 kobolds
  5 rats
65 creatures vanquished.

Notes
Turn   | Place    | Note
-------+----------+-------------------------------------------
     0 | D:1      | wildpjah the Demonspawn Gladiator began the quest for the
                  | Orb.
     0 | D:1      | Reached XP level 1. HP: 16/16 MP: 1/1
    74 | D:1      | Found The Oracle's Delphic Readings.
   121 | D:1      | Gained mutation: You have a pair of small antennae on your
                  | head. [demonic ancestry]
   121 | D:1      | Reached XP level 2. HP: 9/22 MP: 2/2
   357 | D:1      | Reached XP level 3. HP: 26/27 MP: 3/3
   986 | D:2      | Noticed Robin
  1044 | D:1      | Reached skill level 1 in Armour
  1059 | D:2      | Gained mutation: You may rarely emit foul miasma when
                  | damaged in melee. [demonic ancestry]
  1059 | D:2      | Reached XP level 4. HP: 31/34 MP: 4/4
  1223 | D:2      | Killed Robin
  1444 | D:2      | Reached skill level 1 in Shields
  1660 | D:2      | Reached XP level 5. HP: 41/41 MP: 5/5
  1849 | D:2      | Found Jawn's Armour Boutique.
  2038 | D:3      | Noticed Grinder
  2043 | D:3      | Paralysed by Grinder for 5 turns
  2096 | D:3      | Paralysed by Grinder for 4 turns
  2168 | D:3      | Paralysed by Grinder for 5 turns
  2188 | D:3      | Paralysed by Grinder for 3 turns
  2192 | D:3      | Paralysed by Grinder for 5 turns
  2207 | D:3      | Paralysed by Grinder for 5 turns
  2217 | D:3      | Slain by Grinder

Illustrated notes

Levels and vault maps discovered:
D:1:      spicycebolla_green_bress_n_ham_2, layout_basic,
          nicolae_nh_oracle_at_delphi
D:2:      layout_basic, serial_shops, shop, uniq_robin
D:3:      layout_basic, uniq_grinder, uniq_sigmund

Skill      XL: |  1  2  3  4 |
---------------+-------------+-----
Dodging        | 3 |  3.4
Long Blades    | 3 |  3.4
Armour         | 1 |  1.3
Fighting       | 3 |  3.0
Shields        | 1 |  1.5
Throwing       | |  1.9
Stealth        | |  0.1

Action                     |  1- 3 |  4- 6 || total
---------------------------+-------+-------++-------
  Melee: Long sword        |   146 |   109 ||   255
         Punch             |     3 |       ||     3
         Unarmed           |       |     6 ||     6
  Throw: Throwing net      |       |     3 ||     3
         Javelin           |       |     1 ||     1
    Use: Scroll            |       |     4 ||     4
         Potion            |       |     3 ||     3
   Stab: Held in net/web   |       |     2 ||     2
         Sleeping          |       |     1 ||     1
 Armour: Leather armour    |   108 |     5 ||   113
         Animal skin       |       |    22 ||    22
         Skin              |       |    37 ||    37
         Plate armour      |       |    39 ||    39
  Dodge: Dodged            |   113 |    41 ||   154
  Block: Other             |    14 |    25 ||    39

Table legend: (Time is in decaauts)
 A = Elapsed time spent in this place.
 B = Non-inter-level travel time spent in this place.
 C = Inter-level travel time spent in this place.
 D = Time resting spent in this place.
 E = Time spent auto-exploring this place.
 F = Levels seen in this place.
 G = Mean time per level.
                   A        B        C        D        E       F      G
               +--------+--------+--------+--------+--------+-----+--------+
         Total |   2269 |   2104 |    165 |    289 |   1122 |   3 |  756.3 |
       Dungeon |   2269 |   2104 |    165 |    289 |   1122 |   3 |  756.3 |
               +--------+--------+--------+--------+--------+-----+--------+

Top non-repeatable levels by time:
     D:1: 1202 daAuts
     D:2: 983 daAuts
     D:3: 83 daAuts
